 Dungeon Crawl Stone Soup version 0.25.1-2-g60ff931df9 (webtiles) character file.

Game seed: 9390750179455937833

459 funkygono the Cudgeler (level 7, -7/44 HPs)
             Began as a Gargoyle Monk on Oct 23, 2020.
             Mangled by an ogre
             ... wielding a +0 giant spiked club
              (30 damage)
             ... on level 4 of the Dungeon on Oct 24, 2020.
             The game lasted 00:08:34 (3842 turns).

funkygono the Cudgeler (Gargoyle Monk)              Turns: 3842, Time: 00:08:34

Health: -7/44      AC: 11    Str: 16      XL:     7   Next: 6%
Magic:  7/7        EV: 11    Int: 11      God:
Gold:   100        SH:  0    Dex:  7 (12) Spells: 6/6 levels left

rFire    . . .     SeeInvis .   a - +1 mace
rCold    . . .     Gourm    .   (no shield)
rNeg     + . .     Faith    .   k - +0 ring mail
rPois    ∞         Spirit   .   (no helmet)
rElec    +         Reflect  .   h - +0 cloak
rCorr    .         Harm     .   (no gloves)
MR       .....                  (no boots)
Stlth    +.........             (no amulet)
HPRegen  0.14/turn              (no ring)
MPRegen  0.10/turn              (no ring)

@: no status effects
A: negative energy resistance 1, electricity resistance, unbreathing,
petrification resistance, rot immunity, AC +4
a: no special abilities


You were on level 4 of the Dungeon.
You were hungry.

You visited 1 branch of the dungeon, and saw 4 of its levels.

You collected 100 gold pieces.

Inventory:

Hand Weapons
 a - a +1 mace (weapon)
Missiles
 d - 71 bolts
 f - 39 arrows
 g - 101 stones (quivered)
Armour
 h - a +0 cloak (worn)
 k - a +0 ring mail (worn)
Wands
 m - a wand of polymorph (5)
Scrolls
 b - a scroll of identify
 i - a scroll of remove curse
Potions
 e - a potion of brilliance
 j - a potion of haste
 l - a potion of lignification
 n - a potion of magic {unknown}
Comestibles
 c - 5 rations


   Skills:
 + Level 4.4 Fighting
 + Level 5.5 Maces & Flails
 + Level 2.6 Armour
 + Level 3.8 Dodging
 - Level 2.1 Stealth


You had 6 spell levels left.
You didn't know any spells.
Your spell library was empty.

Dungeon Overview and Level Annotations

Branches:
Dungeon (4/15)
 Temple: D:4-7

Altars:
Ashenzari
Elyvilon
Uskayaw

Annotations:
D:3 Grinder


Innate Abilities, Weirdness & Mutations

You are resistant to torment.
Your stone body is resilient. (AC +4)
You are immune to poison.
You resist negative energy. (rN+)
You are resistant to electric shocks. (rElec)
You can survive without breathing.
You are immune to petrification.
You are immune to rotting.


Message History

The ogre barely misses you.
You hit the ogre.
The ogre is moderately wounded.
The ogre hits you with a +0 giant spiked club.
You barely miss the ogre.
The ogre is moderately wounded.
The ogre hits you but does no damage.
You hit the ogre.
The ogre is moderately wounded.
The ogre hits you with a +0 giant spiked club!
You hit the ogre.
The ogre is heavily wounded.
You sock the ogre!
The ogre is severely wounded.
The ogre closely misses you.
You barely miss the ogre.
The ogre is severely wounded.
The ogre hits you with a +0 giant spiked club!!
Ouch! That really hurt!
You die...

#..# #######.#
##.###.......#
#).##.......#
##.##.......#
#..#.......#
#..........#
#..........#
#.#.##+###.# #....#.#
#@# ####.#.# #O########
#...# #........########.
#...###..#..............
#........#..............
#.....#.##.............#
#.....#.##.............#
#.....#.##.............#
###...#.##.............#


You could see an ogre.

Vanquished Creatures
  Eustachio (D:4)
  3 hounds (D:4)
  Jessica (D:2)
  An orc wizard (D:4)
  A worker ant (D:4)
  7 adders
  2 oozes
  3 worms (D:2)
  2 dart slugs (D:1)
  4 leopard geckos
  2 orcs (D:4)
  4 bats (D:1)
  9 goblins
  5 hobgoblins
  9 jackals
  10 kobolds
  A quokka (D:2)
  A ball python (D:3)
  5 frilled lizards
  6 rats
77 creatures vanquished.

Notes
Turn   | Place    | Note
-------+----------+-------------------------------------------
     0 | D:1      | funkygono the Gargoyle Monk began the quest for the Orb.
     0 | D:1      | Reached XP level 1. HP: 14/14 MP: 1/1
   223 | D:1      | Reached XP level 2. HP: 19/19 MP: 2/2
   733 | D:1      | Reached XP level 3. HP: 24/24 MP: 3/3
  1317 | D:2      | Found a white marble altar of Elyvilon.
  1319 | D:2      | Found a shattered altar of Ashenzari.
  1353 | D:2      | Noticed Jessica
  1362 | D:2      | Killed Jessica
  1530 | D:2      | Reached skill level 4 in Maces & Flails
  1530 | D:2      | Reached XP level 4. HP: 25/29 MP: 4/4
  1929 | D:2      | Reached XP level 5. HP: 29/33 MP: 5/5
  1931 | D:2      | Reached skill level 1 in Armour
  2918 | D:3      | Noticed Grinder
  2925 | D:3      | Paralysed by Grinder for 4 turns
  2937 | D:3      | Paralysed by Grinder for 4 turns
  3092 | D:3      | Paralysed by Grinder for 3 turns
  3113 | D:3      | Paralysed by Grinder for 5 turns
  3158 | D:4      | Reached skill level 5 in Maces & Flails
  3177 | D:4      | Reached XP level 6. HP: 35/38 MP: 6/6
  3415 | D:4      | Noticed Eustachio
  3434 | D:4      | Found a hide-covered altar of Uskayaw.
  3487 | D:4      | Killed Eustachio
  3829 | D:4      | Reached XP level 7. HP: 36/44 MP: 7/7
  3842 | D:4      | Mangled by an ogre

Illustrated notes

Levels and vault maps discovered:
D:1:      evilmike_arrival_rings, layout_basic
D:2:      kb_forest_paths, layout_loops_corners, minitemple,
          minmay_pentomino_pile, uniq_jessica
D:3:      layout_rooms, minmay_three_crescents, uniq_grinder
D:4:      layout_basic, nemelex_xobeh_ov_fountains_minmay, kennysheep_mini,
          kennysheep_slug_shrine, minmay_temple_entry_glassed_door,
          first_ration, ebering_ghost_disaster_area, nrook_mini_vaults,
          uniq_eustachio

Skill      XL: |  1  2  3  4  5  6 |
---------------+-------------------+-----
Maces & Flails | 4 5 |  5.5
Fighting       | 4 |  4.4
Armour         | 1 2 |  2.6
Dodging        | 3 |  3.8
Stealth        | |  2.1

Action                   |  1- 3 |  4- 6 |  7- 9 || total
-------------------------+-------+-------+-------++-------
Melee: Mace              |    69 |   239 |    13 ||   321
       Unarmed           |       |    22 |       ||    22
Throw: Stone             |    14 |    19 |       ||    33
  Use: Scroll            |     3 |     4 |       ||     7
       Potion            |       |     1 |       ||     1
 Stab: Sleeping          |     2 |     1 |       ||     3
       Confused          |       |     1 |       ||     1
  Eat: Chunk             |     2 |     7 |       ||     9
Armor: Robe              |    15 |       |       ||    15
       Ring mail         |    13 |   211 |     1 ||   225
       Skin              |       |    14 |       ||    14
Dodge: Dodged            |    56 |   310 |     6 ||   372
